 Dungeon Crawl Stone Soup version 0.24.0 (webtiles) character file.

Game seed: 456263873743214298, levelgen mode: deterministic

55629 pheathergobbo575 the Fencer (level 14, -1/118 HPs)
             Began as a Barachi Fighter on Oct 25, 2019.
             Was the Champion of Zin.
             Succumbed to an orc's poison
             ... on level 1 of the Orcish Mines.
             The game lasted 01:22:07 (22805 turns).

pheathergobbo575 the Fencer (Barachi Fighter)      Turns: 22805, Time: 01:22:08

Health: -1/118     AC: 22    Str: 22    XL:     14   Next: 78%
Magic:  2/30       EV:  7    Int:  8    God:    Zin [******]
Gold:   1065       SH: 10    Dex: 18    Spells: 13/13 levels left

rFire    . . .     SeeInvis .   h - +0 scimitar (flame)
rCold    . . .     Gourm    .   c - +0 shield
rNeg     . . .     Faith    .   N - +0 plate armour
rPois    .         Spirit   +   K - +0 helmet
rElec    .         Reflect  .   k - +0 cloak
rCorr    .         Harm     .   e - +1 pair of gloves
MR       +....                  (no boots)
Stlth    ..........             w - amulet of guardian spirit
HPRegen  0.29/turn              J - +5 ring of dexterity
MPRegen  0.22/turn              l - ring of magical power

@: lethally poisoned (-1 -> -17), can't hop, slow
A: +LOS, swims, slowness 1, strong legs 2
a: Hop, Recite, Vitalisation, Imprison, Sanctuary, Donate Gold, Renounce
Religion


You were on level 1 of the Orcish Mines.
You worshipped Zin.
Zin was exalted by your worship.
You were very hungry.

You visited 4 branches of the dungeon, and saw 22 of its levels.
You also visited: Sewer.

You collected 1513 gold pieces.
You spent 149 gold pieces at shops.
You donated 299 gold pieces to Zin.

Inventory:

Hand Weapons
 h - a +0 scimitar of flaming (weapon)
Missiles
 b - 3 silver javelins
 n - 29 boomerangs (quivered)
Armour
 c - a +0 shield (worn)
 e - a +1 pair of gloves (worn)
 k - a +0 cloak (worn)
 K - a +0 helmet (worn)
 N - a +0 plate armour (worn)
Jewellery
 i - an uncursed ring of protection from cold
 l - a ring of magical power (right hand)
 p - a +3 ring of intelligence
 w - an amulet of guardian spirit (around neck)
 x - an uncursed ring of protection from fire
 y - an uncursed amulet of the gourmand
 C - an uncursed ring of see invisible
 J - a +5 ring of dexterity (left hand)
 M - a +3 amulet of reflection
 R - an uncursed ring of positive energy
 W - an uncursed amulet of rage {unknown}
Wands
 a - a wand of scattershot (12)
 q - a wand of paralysis (10)
 v - a wand of flame (32)
 H - a wand of polymorph (33)
 O - a wand of digging (3)
 Q - a wand of iceblast (16)
 V - a wand of disintegration (15)
Scrolls
 d - 6 scrolls of fog {unknown}
 g - 6 scrolls of magic mapping
 m - 12 scrolls of identify
 o - 2 scrolls of teleportation
 A - a scroll of enchant weapon
 D - a scroll of immolation
 F - 2 scrolls of brand weapon
 G - 2 scrolls of amnesia
 L - 9 scrolls of remove curse
 P - a scroll of enchant armour
Potions
 j - 6 potions of flight
 r - a potion of magic
 s - 8 potions of agility
 t - a potion of invisibility
 z - a potion of might
 I - a potion of brilliance
 S - a potion of cancellation
Comestibles
 f - 40 rations


   Skills:
 + Level 13.1 Fighting
 * Level 18.3 Long Blades
 + Level 1.9 Throwing
 + Level 14.1 Armour
 + Level 3.7 Dodging
 - Level 0.4 Stealth
 - Level 3.2 Shields
 * Level 9.9 Invocations


You had 13 spell levels left.
You didn't know any spells.
Your spell library contained the following spells:

 Spells                   Type           Power        Failure   Level  Hunger
 Animate Skeleton         Necr           N/A          100%        1    ##.....
 Confusing Touch          Hex            #.....       100%        1    ##.....
 Magic Dart               Conj           #...         100%        1    ##.....
 Pain                     Necr           #...         100%        1    ##.....
 Sandblast                Erth           #.....       100%        1    ##.....
 Passwall                 Tmut/Erth      #.......     100%        2    ###....
 Searing Ray              Conj           #.....       100%        2    ###....
 Confuse                  Hex            #.......     100%        3    ####...
 Dazzling Spray           Conj/Hex       #.....       100%        3    ####...
 Gell's Gravitas          Tloc           #.........   100%        3    ####...
 Regeneration             Chrm/Necr      #.........   100%        3    ####...
 Stone Arrow              Conj/Erth      #.....       100%        3    ####...
 Vampiric Draining        Necr           #.........   100%        3    ####...
 Animate Dead             Necr           N/A          100%        4    #####..
 Cause Fear               Hex            #.........   100%        4    #####..
 Force Lance              Conj/Tloc      #.......     100%        4    #####..
 Fulminant Prism          Conj/Hex       #.........   100%        4    #####..
 Iskenderun's Mystic Bla  Conj           #.......     100%        4    #####..
 Petrify                  Tmut/Erth      #.......     100%        4    #####..
 Irradiate                Conj/Tmut      #.........   100%        5    ######.
 Lee's Rapid Deconstruct  Erth           #.........   100%        5    ######.
 Metabolic Englaciation   Hex/Ice        #.........   100%        5    ######.
 Silence                  Hex/Air        #.........   100%        5    ######.
 Yara's Violent Unravell  Hex/Tmut       #.........   100%        5    ######.
 Deflect Missiles         Chrm/Air       #.........   100%        6    #######
 Hydra Form               Tmut           #.........   100%        6    #######
 Statue Form              Tmut/Erth      #........    100%        6    #######
 Dragon Form              Tmut           #.........   100%        7    #######
 Discord                  Hex            #.........   100%        8    #######


Dungeon Overview and Level Annotations

Branches:
Dungeon (13/15)            Temple (1/1) D:6            Lair (6/6) D:8
 Shoals (0/4) Lair:3       Spider (0/4) Lair:4        Slime (0/5) Lair:6
    Orc (2/2) D:9           Sewer (visited)
    Elf: Orc:2       Vaults: D:13-14

Altars:
Ashenzari
Cheibriados
Dithmenos
Elyvilon
Gozag
Kikubaaqudgha
Makhleb
Nemelex Xobeh
Okawaru
Ru
Trog
Uskayaw
Vehumet
Wu Jian
Xom
Yredelemnul
Zin
The Shining One
Beogh
Jiyva

Shops:
D:7 }   D:10 (   D:12 (   Orc:1 ?

Annotations:
Orc:1 exclusion: orc priest


Innate Abilities, Weirdness & Mutations

Shadows flee at your approach. (+LOS)
You can swim through water.
You cover ground slowly.
You can hop long distances.


Message History

The troll is heavily wounded.
* * * LOW HITPOINT WARNING * * *
You feel sick. You block the troll's attack. The troll claws you.
* * * LOW HITPOINT WARNING * * *
The troll claws you!
* * * LOW HITPOINT WARNING * * *
Unknown command.
Unknown command.
Zin cleanses your potion of mutation!
You no longer feel cold resistant.
You feel frail.
You feel less resistant to hostile enchantments.
* * * LOW HITPOINT WARNING * * *
You feel sick. You block the orc warrior's attack. The troll bites you.
* * * LOW HITPOINT WARNING * * *
You block the troll's attack. The troll claws you.
Okay, then.
Okay, then.
Zin cleanses your potion of mutation! Nature stops experimenting on you.
Your thinking seems confused.
You die...

....# ##...#... .#### ######
#......# ..## #....# ###..###
...# ####...### #..# # ...###
##>#..#...## ###.### ...#.#
#....##....# ##8.8.8. ....##
###...#....# ##..⌠.⌠.. .#.##
#oT)...### #..8.∩.8. .###
##.@.#### ##...⌠.⌠.# .#.#
##...#.###...8.8.8# ..###
####..#....###.......# #...#
#....###....##...##... ....#
#####...#...######....)) .#.##
##...#.......###.##....## .###
##.....#...#####..###..### ..##
#......##.#.###...###.....
...######.....#######..#.........


You could see a troll and an orc warrior (blind).

Vanquished Creatures
  Gastronok (Lair:1)
  The ghost of Mrkan the Grappler, a journeyman TrMo of Okawaru (Lair:3)
  Harold (D:11)
  A catoblepas (Lair:4)
  6 hydras
  2 two-headed ogres
  A merfolk avatar (Lair:6)
  A dancing weapon (Lair:4)
  3 death yaks
  2 harpies
  2 orc knights (Orc:1)
  An ugly thing (D:12)
  3 manticores
  17 elephants
  2 black mambas
  A freezing wraith (D:11)
  9 spiny frogs
  5 rime drakes
  A redback zombie (D:10)
  8 komodo dragons
  A queen bee (D:10)
  4 hornets
  6 trolls
  A wind drake (Lair:6)
  2 jumping spiders (Lair:4)
  A slime creature (D:11)
  12 hippogriffs
  15 blink frogs
  22 yaks
  5 wyverns
  2 wraiths
  Eustachio (D:6)
  2 hungry ghosts
  2 basilisks
  2 wargs (D:8)
  A soldier ant (D:12)
  An acid dragon (D:11)
  25 water moccasins
  5 porcupines
  A swamp drake (Lair:2)
  A black bear (D:11)
  3 ice beasts
  18 orc warriors
  2 phantoms
  3 sky beasts
  10 wolves
  10 ogres
  3 centaurs
  17 crocodiles
  2 big kobolds
  18 bullfrogs
  A gnoll sergeant (D:8)
  3 scorpions
  20 killer bees
  An electric eel (Lair:2)
  3 wights (D:7)
  2 howler monkeys
  9 crimson imps
  A centaur zombie (D:6)
  A quasit (D:11)
  5 bullfrog zombies
  5 hounds
  10 orc priests
  A jelly (D:10)
  19 orc wizards
  A bullfrog skeleton (D:6)
  3 centaur skeletons
  4 iguanas
  3 worker ants
  4 hell rats (Lair:6)
  A statue (D:6)
  A killer bee zombie (D:6)
  A hound zombie (D:6)
  2 hound skeletons (D:9)
  2 worker ant zombies
  9 gnolls
  A howler monkey skeleton (D:6)
  34 adders
  3 shadow imps
  An ooze (D:6)
  An adder zombie (D:8)
  7 worms
  6 dart slugs
  6 leopard geckos
  69 orcs
  10 ball pythons
  5 bats
  7 giant cockroaches
  5 hobgoblins
  7 jackals
  3 quokkas
  6 frilled lizards
  10 goblins
  A jackal zombie (D:7)
  21 kobolds
  2 leopard gecko skeletons
  A leopard gecko zombie (D:6)
  15 rats
599 creatures vanquished.

Vanquished Creatures (others)
  2 orc warriors (Orc:1)
  An iguana (D:6)
  A giant cockroach (D:6)
  8 fungi
  16 plants
28 creatures vanquished.

Grand Total: 627 creatures vanquished

Notes
Turn   | Place    | Note
-------+----------+-------------------------------------------
     0 | D:1      | pheathergobbo575 the Barachi Fighter began the quest for
                  | the Orb.
     0 | D:1      | Reached XP level 1. HP: 18/18 MP: 1/1
    24 | D:1      | Reached XP level 2. HP: 25/25 MP: 2/2
   283 | D:1      | Reached skill level 3 in Long Blades
   385 | D:1      | Reached XP level 3. HP: 28/30 MP: 3/3
   773 | D:2      | Reached XP level 4. HP: 37/37 MP: 4/4
   846 | D:2      | Reached skill level 4 in Long Blades
   983 | D:2      | Found a sacrificial altar of Ru.
  1016 | D:2      | Reached skill level 1 in Throwing
  1017 | D:2      | Reached XP level 5. HP: 37/42 MP: 5/5
  1319 | D:2      | Reached skill level 5 in Long Blades
  1397 | D:2      | Found a basalt altar of Yredelemnul.
  1457 | D:3      | Found an opulent altar of Gozag.
  1522 | D:3      | Found a shadowy altar of Dithmenos.
  1525 | D:3      | Found an iron altar of Okawaru.
  1572 | D:3      | Found a glowing drain.
  1580 | Sewer    | Entered a sewer
  1618 | Sewer    | Noticed a big kobold
  1638 | Sewer    | Killed a big kobold
  1638 | Sewer    | Reached XP level 6. HP: 41/49 MP: 6/6
  1674 | Sewer    | Found a white marble altar of Elyvilon.
  1806 | D:3      | Reached skill level 6 in Long Blades
  2151 | D:3      | Reached skill level 1 in Dodging
  2825 | D:4      | Found a glowing golden altar of the Shining One.
  3097 | D:5      | Entered Level 5 of the Dungeon
  3187 | D:5      | Reached skill level 7 in Long Blades
  3187 | D:5      | Reached XP level 7. HP: 51/55 MP: 7/7
  3203 | D:5      | Found a snail-covered altar of Cheibriados.
  3584 | D:5      | Reached skill level 8 in Long Blades
  3584 | D:5      | Reached skill level 5 in Armour
  3778 | D:6      | Noticed Eustachio
  3818 | D:6      | Killed Eustachio
  3818 | D:6      | Reached skill level 5 in Fighting
  3831 | D:6      | Reached XP level 8. HP: 40/62 MP: 8/8
  3907 | D:6      | Reached skill level 9 in Long Blades
  3939 | D:6      | Found an ornate altar of the Wu Jian Council.
  3953 | D:6      | Found a sparkling altar of Nemelex Xobeh.
  3979 | D:6      | Found an iron altar of Okawaru.
  4048 | D:6      | Found a shimmering altar of Xom.
  4131 | D:6      | Found a radiant altar of Vehumet.
  4378 | D:4      | Became a worshipper of the Shining One
  4622 | D:6      | Reached skill level 10 in Long Blades
  4738 | D:6      | Found a staircase to the Ecumenical Temple.
  4751 | Temple   | Entered the Ecumenical Temple
  4811 | Temple   | Fell from the grace of the Shining One
  4811 | Temple   | Became a worshipper of Zin the Law-Giver
  4811 | Temple   | Reached * piety under Zin
  4827 | Temple   | Fell from the grace of Zin
  4827 | Temple   | Became a worshipper of Elyvilon the Healer
  4843 | Temple   | Fell from the grace of Elyvilon
  4843 | Temple   | Became a worshipper of Zin the Law-Giver
  5143 | D:7      | Donated 148 gold pieces to Zin
  5199 | D:7      | Reached skill level 1 in Invocations
  5199 | D:7      | Reached XP level 9. HP: 57/69 MP: 9/9
  5281 | D:6      | Gained mutation: You evolve. [potion of mutation]
  5281 | D:6      | Gained mutation: You are robust. (+10% HP) [potion of
                  | mutation]
  5281 | D:6      | Gained mutation: Your flesh is cold resistant. (rC+)
                  | [potion of mutation]
  5287 | D:6      | Reached skill level 11 in Long Blades
  5560 | D:7      | Noticed a hornet
  5571 | D:7      | Killed a hornet
  5606 | D:7      | Found Loyska Regh's Gadget Shoppe.
  5705 | D:7      | You fall into a shaft and drop 1 floor!
  5730 | D:8      | Reached skill level 12 in Long Blades
  5798 | D:8      | HP: 3/78 [cloud of flame (3)]
  6183 | D:7      | Reached XP level 10. HP: 29/84 MP: 6/12
  6847 | D:8      | Found a staircase to the Lair.
  6873 | D:8      | Reached skill level 13 in Long Blades
  8062 | D:9      | Found a staircase to the Orcish Mines.
  8180 | D:9      | Found a shattered altar of Ashenzari.
  8191 | D:9      | Noticed a two-headed ogre
  8207 | D:9      | Killed a two-headed ogre
  8210 | D:9      | Reached ** piety under Zin
  8334 | D:9      | Found a roughly hewn altar of Beogh.
  8814 | D:9      | Reached skill level 14 in Long Blades
  8903 | D:10     | Entered Level 10 of the Dungeon
  8903 | D:10     | Found Uneurap's Weapon Shoppe.
  8914 | D:10     | Bought a +0 scimitar for 52 gold pieces
  9260 | D:10     | Reached XP level 11. HP: 23/93 MP: 6/14
 10473 | D:10     | Got a faintly glowing broad axe
 10474 | D:10     | Identified the +4 broad axe "Uhejyom" {drain, MR+} (You
                  | found it on level 10 of the Dungeon)
 10852 | D:11     | Reached skill level 5 in Invocations
 10930 | D:11     | Noticed a manticore
 10933 | D:11     | Gained mutation: You possess an exceptional clarity of
                  | mind. [evolution]
 11117 | D:11     | Noticed Harold
 11136 | D:11     | Killed a manticore
 11161 | D:11     | Killed Harold
 11757 | D:11     | Reached skill level 10 in Armour
 11944 | D:11     | Noticed a manticore
 11960 | D:11     | Killed a manticore
 11960 | D:11     | Reached skill level 15 in Long Blades
 12511 | D:12     | Found Ogozo's Antique Weapon Emporium.
 12565 | D:12     | Reached *** piety under Zin
 12594 | D:12     | Noticed a purple ugly thing
 12619 | D:12     | Killed a purple ugly thing
 12634 | D:12     | Reached XP level 12. HP: 97/104 MP: 16/16
 13000 | D:12     | Noticed a two-headed ogre
 13020 | D:12     | Killed a two-headed ogre
 13744 | D:13     | Noticed a centaur warrior
 13877 | Lair:1   | Entered Level 1 of the Lair of Beasts
 14047 | Lair:1   | Reached skill level 10 in Fighting
 14184 | Lair:1   | Gained mutation: You are resistant to hostile enchantments.
                  | (MR+) [evolution]
 14477 | Lair:1   | Noticed Gastronok
 14524 | Lair:1   | Killed Gastronok
 15231 | Lair:2   | Reached skill level 16 in Long Blades
 15602 | Lair:2   | Noticed a death yak
 15604 | Lair:2   | Noticed a death yak
 15610 | Lair:2   | Noticed a death yak
 15629 | Lair:2   | Killed a death yak
 16133 | Lair:2   | Reached **** piety under Zin
 16455 | Lair:2   | Gained mutation: You can hop long distances. [Barachi
                  | growth]
 16455 | Lair:2   | Reached XP level 13. HP: 99/115 MP: 18/18
 17374 | Lair:3   | Found a staircase to the Shoals.
 17614 | Lair:3   | Reached skill level 17 in Long Blades
 18848 | Lair:4   | Found a runed translucent door.
 18848 | Lair:4   | Found a shimmering altar of Xom.
 18848 | Lair:4   | Noticed Mrkan's ghost (journeyman TrMo)
 19643 | Lair:3   | Killed Mrkan's ghost
 19643 | Lair:3   | Reached XP level 14. HP: 98/126 MP: 20/20
 19750 | Lair:4   | Found a hole to the Spider Nest.
 20540 | Lair:6   | Entered Level 6 of the Lair of Beasts
 20831 | Lair:6   | HP: 6/127 [elephant (7)]
 21079 | Lair:6   | Paralysed by a hornet for 3 turns
 21086 | Lair:6   | Reached skill level 18 in Long Blades
 21313 | Lair:6   | Reached ***** piety under Zin
 21346 | Lair:6   | Found a runed translucent door.
 21351 | Lair:6   | Found a viscous altar of Jiyva.
 21351 | Lair:6   | Found a staircase to the Slime Pits.
 21352 | Lair:6   | Noticed an acid blob
 21374 | Lair:6   | HP: 3/127 [acid blob/splash of acid (10)]
 21374 | Lair:6   | Zin protects you from harm!
 21824 | Orc:1    | Entered Level 1 of the Orcish Mines
 21840 | Orc:1    | Found Sesan's Magic Scroll Boutique.
 21849 | Orc:1    | Bought a scroll of enchant weapon for 97 gold pieces
 22566 | Orc:1    | Reached ****** piety under Zin
 22765 | Orc:2    | Entered Level 2 of the Orcish Mines
 22803 | Orc:1    | HP: 4/129 [troll (3)]
 22804 | Orc:1    | Lost mutation: Your flesh is cold resistant. (rC+) [potion
                  | of mutation]
 22804 | Orc:1    | Lost mutation: You are robust. (+10% HP) [potion of
                  | mutation]
 22804 | Orc:1    | Lost mutation: You are resistant to hostile enchantments.
                  | (MR+) [potion of mutation]
 22804 | Orc:1    | HP: 1/118 [troll (1)]
 22805 | Orc:1    | Lost mutation: You evolve. [potion of mutation]
 22805 | Orc:1    | Lost mutation: You possess an exceptional clarity of mind.
                  | [potion of mutation]
 22805 | Orc:1    | Succumbed to an orc's poison

Levels and vault maps discovered:
D:1:      dpeg_arrival_rooms_a, layout_basic
D:2:      minmay_spotlight, layout_basic, old_standard_altar,
          general_overflow_altar, minmay_snake_closets
D:3:      layout_basic, grunt_gozag_statues, nicolae_overflow_hidden_temple,
          first_ration, portal_sewer_entry_b, okawaru_gym_becter
D:4:      layout_loops_cross, lemuel_round_altar, moated_statue
D:5:      layout_rooms, lemuel_coloured_pillars_altar
D:6:      layout_basic, lemuel_doored_altar, vehumet_statue,
          overflow_temple_1_default, kennysheep_mini, xom_confusion_cloud,
          minmay_temple_entry_nine_rooms, uniq_eustachio
D:7:      layout_rooms, serial_shops, nicolae_shop_statue_plus
D:8:      layout_layer_cave, erik_lair_orcish_takeover
D:9:      layout_irregular_city, evilmike_ruin_ashenzari,
          minmay_orc_entry_temple_small
D:10:     layout_loops_cross, serial_shops, shop, minmay_misc_feat_diagonals,
          david_nohive_1
D:11:     minmay_s_stair_smasher, layout_loops_corners, uniq_harold
D:12:     minmay_isolated_rectangles_in_corner, layout_layer_cave, serial_shops,
          shop, chequers_arboretum, lemuel_flamethrower_3
D:13:     layout_rooms, lightli_vaults_fourway_checkpoint, uniq_sonja
Temple:   dpeg_chambers_temple
Lair:1:   layout_long_grid, uniq_gastronok
Lair:2:   lemuel_reptile_caves, layout_regular_city, lemuel_fruit_tree
Lair:3:   layout_cave_pods, minmay_shoals_entry_beasts
Lair:4:   layout_gridlike, spider_nest_entry_a, ebering_ghost_xom,
          nicolae_lair_yak_garden, minmay_lair_oklob_chamber,
          lemuel_fruit_fields
Lair:5:   layout_loops_ring
Lair:6:   gammafunk_lair_ancient_temple, layout_regular_city, slime_altar_2,
          uniq_snorg
Orc:1:    layout_diamond_mine, serial_shops,
          nicolae_shop_temple_entry_statues_fountains, special_room
          [special_room_orc]
Orc:2:    st_orc_congregation, layout_diamond_mine
